 Dungeon Crawl Stone Soup version 0.28-a0-1624-g820543e53a (webtiles) character file.

Game seed: 17680674877050513476

277 Shayle the Skirmisher (level 6, -5/48 HPs)
             Began as a Demonspawn Warper on Jan 24, 2022.
             Was an Initiate of Yredelemnul.
             Slain by an ogre (14 damage)
             ... on level 5 of the Dungeon.
             The game lasted 00:08:58 (3954 turns).

Shayle the Skirmisher (Demonspawn Warper)           Turns: 3954, Time: 00:08:58

Health: -5/48      AC:  3    Str: 12    XL:     6   Next: 4%
Magic:  9/9        EV: 11    Int: 14    God:    Yredelemnul [......]
Gold:   242        SH:  0    Dex: 14    Spells: 9/9 levels left

rFire   + . .      SeeInvis .   i - +0 short sword (drain)
rCold   . . .      Faith    .   (no shield)
rNeg    . . .      Spirit   .   a - +0 leather armour
rPois   .          Reflect  .   (no helmet)
rElec   .          Harm     .   (no cloak)
rCorr   .          Rampage  .   (no gloves)
Will    .....                   (no boots)
Stlth   ++........              (no amulet)
HPRegen 0.16/turn               d - ring of protection from fire
MPRegen 0.11/turn               (no ring)

@: no status effects
A: demonic guardian 2, demonic touch 2
a: Renounce Religion, Recall Undead Harvest


You were on level 5 of the Dungeon.
You worshipped Yredelemnul.
Yredelemnul was noncommittal.
You visited 2 branches of the dungeon, and saw 6 of its levels.

You collected 242 gold pieces.

Inventory:

Hand Weapons
 i - a +0 short sword of draining (weapon)
Missiles
 c - 4 boomerangs of dispersal (quivered)
Armour
 a - a +0 leather armour (worn)
Jewellery
 d - a ring of protection from fire (left hand)
Wands
 k - a wand of digging (5)
Scrolls
 b - a scroll of blinking
 h - 2 scrolls of teleportation
 l - a scroll of identify
Potions
 e - a potion of flight {unknown}
 f - a potion of lignification
 g - a potion of brilliance
 j - a potion of heal wounds {unknown}


   Skills:
 + Level 3.9 Fighting
 - Level 0.8 Throwing
 - Level 0.8 Armour
 - Level 1.7 Dodging
 + Level 3.2 Stealth
 + Level 3.6 Unarmed Combat
 - Level 2.0 Spellcasting
 - Level 2.6 Translocations
 * Level 0.0 Invocations


You had 9 spell levels left.
You didn't know any spells.
Your spell library contained the following spells:

 Spells                   Type           Power      Damage    Failure   Level
 Blink                    Tloc           16%        N/A       16%         2
 Gell's Gravitas          Tloc           8%         N/A       30%         3
 Lesser Beckoning         Tloc           8%         N/A       30%         3
 Teleport Other           Tloc           8%         N/A       30%         3
 Manifold Assault         Tloc           8%         N/A       95%         5


Dungeon Overview and Level Annotations

Branches:
Dungeon (5/15)             Temple (1/1) D:5

Altars:
Ashenzari
Kikubaaqudgha
Okawaru
Yredelemnul

Shops:
D:1 :   D:4 =

Annotations:
D:3 2 transporters, grumblor's ghost, amateur OpBr
D:4 Dowan; Duvessa


Innate Abilities, Weirdness & Mutations

A demonic guardian rushes to your aid.
Your touch may inflict irresistible damage on your foes.


Message History

Found a broken altar of Ashenzari.
There is an open door here.
You open the door.
Found an ancient bone altar of Kikubaaqudgha.
There is an open door here.
You open the door.
Found a basalt altar of Yredelemnul.
There is an open door here.
You open the door.
Found an iron altar of Okawaru.
There is a basalt altar of Yredelemnul here.
You kneel at the altar of Yredelemnul.
Yredelemnul welcomes you!
You can now reap souls.
You can now recall your undead harvest.
(D) Dungeon (T) Temple
Where to? (Enter - D:2 @ (x,y), ? - help)
You open the door.
There is an open door here.
There is an open door here.
There is a staircase back to the Dungeon here.
You climb upwards.
Welcome back to the Dungeon!
The ogre hits you with a +0 giant spiked club!!
Ouch! That really hurt!
There is a staircase to the Ecumenical Temple, spattered with blood here.
You barely miss the ogre.
You touch the ogre.
You punch the ogre, but do no damage.
The ogre is lightly wounded.
The ogre hits you with a +0 giant spiked club!
* * * LOW HITPOINT WARNING * * *
A demonic guardian appears!
Unknown command.
Your orange demon barely misses the ogre.
Your orange demon hits the ogre.
Your orange demon barely misses the ogre.
Your orange demon hits the ogre.
You hit the ogre. You drain the ogre.
You touch the ogre.
The ogre is almost dead.
The ogre hits you with a +0 giant spiked club!
You die...
Your body rises from the dead as a mindless zombie.

##O## #####..#
#...#..#
#....O########
#.......##PPP##
#.......#P...P# .#
##......#P.>.P#
..##
#......#P.O4P#
#...#
#......##P@P##
#...##.......##'##
#....#....##....#
#...#.########
##..### ##.# ##.##
##...# ##....##


You could see an ogre (drained, ally target) and a friendly orange demon
(summoned).

Vanquished Creatures
  A water moccasin (D:5)
  An iguana (D:4)
  An orc wizard (D:3)
  4 adders
  A dart slug (D:1)
  6 orcs
  5 bats
  4 endoplasms
  2 giant cockroaches
  6 goblins
  5 hobgoblins
  6 kobolds
  4 quokkas
  5 ball pythons
  8 frilled lizards
  4 rats
63 creatures vanquished.

Vanquished Creatures (collateral kills)
  An adder (D:2)
  An endoplasm (D:2)
2 creatures vanquished.

Vanquished Creatures (others)
  8 plants (D:1)
8 creatures vanquished.

Grand Total: 73 creatures vanquished

Notes
Turn   | Place    | Note
-------+----------+-------------------------------------------
     0 | D:1      | Shayle the Demonspawn Warper began the quest for the Orb.
     0 | D:1      | Reached XP level 1. HP: 16/16 MP: 3/3
   192 | D:1      | Gained mutation: A weak demonic guardian rushes to your
                  | aid. [demonic ancestry]
   192 | D:1      | Reached XP level 2. HP: 8/22 MP: 5/5
   261 | D:1      | Reached skill level 1 in Stealth
   842 | D:1      | Found Entoalluv's Book Shoppe.
  1378 | D:2      | Gained mutation: A demonic guardian rushes to your aid.
                  | [demonic ancestry]
  1378 | D:2      | Reached XP level 3. HP: 20/28 MP: 6/6
  2104 | D:2      | Reached XP level 4. HP: 29/34 MP: 7/7
  2968 | D:3      | Noticed an ogre
  3037 | D:4      | Noticed Duvessa
  3038 | D:4      | Noticed Dowan
  3320 | D:3      | Found a transporter.
  3329 | D:3      | Noticed grumblor's ghost (amateur OpBr)
  3332 | D:3      | Identified the +8 dire flail of Acsu {elec, Str+3}
  3332 | D:3      | Noticed an ogre
  3333 | D:3      | Noticed an ogre
  3334 | D:3      | Found a transporter.
  3473 | D:4      | Gained mutation: Your touch may inflict minor irresistible
                  | damage on your foes. [demonic ancestry]
  3473 | D:4      | Reached XP level 5. HP: 34/41 MP: 8/8
  3561 | D:4      | Found Citucot's Jewellery Shop.
  3574 | D:5      | Entered Level 5 of the Dungeon
  3574 | D:5      | Noticed a water moccasin
  3587 | D:5      | Killed a water moccasin
  3588 | D:5      | Gained mutation: Your touch may inflict irresistible damage
                  | on your foes. [demonic ancestry]
  3588 | D:5      | Reached XP level 6. HP: 13/48 MP: 9/9
  3892 | D:5      | Found a staircase to the Ecumenical Temple.
  3901 | Temple   | Entered the Ecumenical Temple
  3930 | Temple   | Became a worshipper of Yredelemnul the Dark
  3954 | D:5      | Slain by an ogre

Illustrated notes

Levels and vault maps discovered:
D:1:      lemuel_arrival_cross, layout_loops_cross, serial_shops,
          nicolae_shop_advertising_works [nicolae_subvault_shop_adworks],
          serial_bayou_lagoon_b
D:2:      layout_loops_ring
D:3:      layout_rooms, nicolae_ru_sacrificial_ziggurat, gammafunk_ghost_smash,
          serial_shops, nicolae_shop_trees,
          chequers_ecumenical_altar_simple_redux
D:4:      layout_loops_ring, serial_shops, shop_coins,
          gammafunk_ghost_stat_death, uniq_duvessa
D:5:      layout_cave_pods, minmay_temple_entry_enclosed_plants
Temple:   mainiacjoe_temple_hex_bubbles

Skill      XL: |  1  2  3  4  5 |
---------------+----------------+-----
Unarmed Combat | 2 3 |  3.6
Stealth        | 1 2 3 |  3.2
Fighting       | 3 |  3.9
Throwing       | |  0.8
Armour         | |  0.8
Dodging        | |  1.7
Spellcasting   | |  2.0
Translocations | |  2.6

Action                   |  1- 3 |  4- 6 || total
-------------------------+-------+-------++-------
Melee: Unarmed           |   132 |    44 ||   176
       Short sword       |       |    58 ||    58
       Punch             |       |     3 ||     3
       Touch             |       |     3 ||     3
Throw: Boomerang         |       |     1 ||     1
  Use: Scroll            |     1 |     2 ||     3
 Stab: Sleeping          |     4 |     2 ||     6
Armor: Leather armour    |    37 |    19 ||    56
Dodge: Dodged            |    73 |    55 ||   128

Table legend: (Time is in decaauts)
 A = Elapsed time spent in this place.
 B = Non-inter-level travel time spent in this place.
 C = Inter-level travel time spent in this place.
 D = Time resting spent in this place.
 E = Time spent auto-exploring this place.
 F = Levels seen in this place.
 G = Mean time per level.
                   A        B        C        D        E       F      G
               +--------+--------+--------+--------+--------+-----+--------+
         Total |   3973 |   3813 |    160 |    813 |   2238 |   6 |  662.2 |
       Dungeon |   3924 |   3782 |    142 |    813 |   2213 |   5 |  784.8 |
        Temple |     48 |     30 |     18 |      0 |     25 |   1 |   48.0 |
               +--------+--------+--------+--------+--------+-----+--------+

Top non-repeatable levels by time:
     D:1: 1751 daAuts
     D:2: 1405 daAuts
     D:5: 332 daAuts
     D:4: 235 daAuts
     D:3: 199 daAuts
  Temple: 48 daAuts
